 Dungeon Crawl Stone Soup version 0.21.0-34-g9234887 (webtiles) character file.

288 tidbits the Fighter (level 6, -2/61 HPs)
             Began as a Gnoll Wanderer on Jan 30, 2018.
             Slain by a water moccasin (7 damage)
             ... on level 3 of the Dungeon.
             The game lasted 00:11:13 (1156 turns).

tidbits the Fighter (Gnoll Wanderer)                Turns: 1156, Time: 00:11:13

Health: -2/61      AC:  7    Str: 13    XL:     6   Next: 31%
Magic:  9/9        EV: 11    Int: 17    God:
Gold:   103        SH:  0    Dex: 15    Spells: 8/8 levels left

rFire    . . .     SeeInvis .   a - +1 broad axe
rCold    . . .     Gourm    .   (no shield)
rNeg     . . .     Faith    .   B - +0 ring mail
rPois    .         Spirit   .   (no helmet)
rElec    .         Reflect  .   (no cloak)
rCorr    +         Harm     .   (no gloves)
MR       .....                  F - +0 pair of boots
Stlth    +.........             (no amulet)
HPRegen  0.20/turn              K - ring of resist corrosion
MPRegen  0.11/turn              (no ring)

@: lethally poisoned (-2 -> -39)
A: distributed training, fangs 1, strong nose
a: no special abilities


You were on level 3 of the Dungeon.
You were not hungry.

You visited 1 branch of the dungeon, and saw 7 of its levels.

You collected 103 gold pieces.

Inventory:

Hand Weapons
 a - a +1 broad axe (weapon)
 b - a +2 shortbow
 l - a +0 dagger
 o - a +0 dagger
 p - a +0 short sword
Missiles
 e - 72 arrows
 g - 11 poisoned needles
 k - 7 javelins (quivered)
Armour
 B - a +0 ring mail (worn)
 F - a +0 pair of boots (worn)
Jewellery
 K - a ring of resist corrosion (left hand)
   (You found it on level 3 of the Dungeon)
Wands
 d - a wand of random effects (15)
Scrolls
 f - a scroll of blinking
 r - 2 scrolls of remove curse
 s - 3 scrolls of teleportation
 v - a scroll of noise
Potions
 h - a potion of berserk rage {unknown}
 i - 2 potions of magic {unknown}
 j - 4 potions of heal wounds {unknown}
 m - a potion of invisibility {unknown}
 q - a potion of mutation {unknown}
 t - 2 potions of curing
 u - a potion of agility
Comestibles
 c - 8 rations


   Skills:
 + Level 10.5 Fighting
 + Level 1.8 Short Blades
 + Level 1.8 Long Blades
 + Level 1.8 Axes
 + Level 1.8 Maces & Flails
 + Level 1.8 Polearms
 + Level 1.8 Staves
 + Level 1.8 Slings
 + Level 3.2 Bows
 + Level 1.8 Crossbows
 + Level 1.8 Throwing
 + Level 4.9 Armour
 + Level 1.8 Dodging
 + Level 1.8 Stealth
 + Level 1.8 Shields
 + Level 1.8 Unarmed Combat
 + Level 1.8 Spellcasting
 + Level 1.4 Conjurations
 + Level 1.4 Hexes
 + Level 1.4 Charms
 + Level 1.4 Summonings
 + Level 1.4 Necromancy
 + Level 1.4 Translocations
 + Level 1.4 Transmutations
 + Level 1.4 Fire Magic
 + Level 1.4 Ice Magic
 + Level 1.4 Air Magic
 + Level 1.4 Earth Magic
 + Level 1.4 Poison Magic
 + Level 2.0 Invocations
 + Level 4.9 Evocations


You had 8 spell levels left.
You didn't know any spells.

Dungeon Overview and Level Annotations

Branches:
Dungeon (7/15)
 Temple: D:4-7

Altars:
Wu Jian

Shops:
D:4 =


Innate Abilities, Weirdness & Mutations

Your experience applies equally to all skills.
You have very sharp teeth.
Your uncanny sense of smell can sniff out nearby items.


Message History

The worm is moderately wounded.
You hit the rat.
You kill the rat!
You hit the goblin. The goblin hits you but does no damage.
The goblin barely misses you. The worm bites you.
You slash the worm!
The worm is almost dead.
You slash the goblin!
You kill the goblin!
The worm bites you.
You hit the worm.
You kill the worm!
A water moccasin comes into view.
b - a +2 shortbow (weapon)
The water moccasin hisses angrily.
Firing (i - inventory. (,) - cycle):
e - 74 arrows (quivered)
Press: ? - help, Shift-Dir - straight line, f - water moccasin
Aim: a water moccasin You shoot an arrow.
The arrow hits the water moccasin but does no damage.
Firing (i - inventory. (,) - cycle):
e - 73 arrows (quivered)
Press: ? - help, Shift-Dir - straight line, f/p - water moccasin
Aim: a water moccasin You shoot an arrow.
The arrow hits the water moccasin.
The water moccasin is lightly wounded.
a - a +1 broad axe (weapon)
You barely miss the water moccasin.
The water moccasin is lightly wounded.
The water moccasin bites you but does no damage.
The water moccasin closely misses you.
You closely miss the water moccasin. Your bite misses the water moccasin.
The water moccasin is lightly wounded.
The water moccasin bites you. The water moccasin closely misses you.
You closely miss the water moccasin.
The water moccasin is lightly wounded.
The water moccasin barely misses you.
The water moccasin bites you but does no damage.
You miss the water moccasin. Your bite misses the water moccasin.
The water moccasin is lightly wounded.
The water moccasin bites you but does no damage.
The water moccasin barely misses you. x2
You closely miss the water moccasin.
The water moccasin is lightly wounded.
The water moccasin closely misses you.
The water moccasin bites you but does no damage.
You slash the water moccasin!
The water moccasin is heavily wounded.
The water moccasin bites you.
You are poisoned.
The water moccasin poisons you! The water moccasin barely misses you.
You slash the water moccasin!
The water moccasin is almost dead.
You feel sick. The water moccasin closely misses you.
The water moccasin misses you.
You closely miss the water moccasin.
The water moccasin is almost dead.
You feel sick. The water moccasin closely misses you.
The water moccasin bites you.
You are more poisoned.
The water moccasin poisons you!
You miss the water moccasin.
The water moccasin is almost dead.
You feel sick.
The water moccasin bites you but does no damage.
The water moccasin bites you.
You closely miss the water moccasin.
The water moccasin is almost dead.
You feel very sick. The water moccasin closely misses you.
The water moccasin misses you.
You closely miss the water moccasin.
The water moccasin is severely wounded.
You feel sick.
The water moccasin bites you but does no damage.
The water moccasin misses you.
You closely miss the water moccasin. Your bite misses the water moccasin.
The water moccasin is severely wounded.
You feel sick. The water moccasin barely misses you.
The water moccasin bites you.
* * * LOW HITPOINT WARNING * * *
You are more poisoned.
The water moccasin poisons you!
You closely miss the water moccasin.
The water moccasin is severely wounded.
* * * LOW HITPOINT WARNING * * *
You feel very sick. The water moccasin bites you.
* * * LOW HITPOINT WARNING * * *
The water moccasin bites you!
* * * LOW HITPOINT WARNING * * *
The water moccasin bites you.
* * * LOW HITPOINT WARNING * * *
You are more poisoned.
The water moccasin poisons you!
You hit the water moccasin.
The water moccasin is almost dead.
* * * LOW HITPOINT WARNING * * *
You feel very sick.
The water moccasin bites you but does no damage.
The water moccasin bites you!
You die...

##.##.#######..
#<....#........
##.............
###.....#..... ######
#####.....##
....?.######........#.##
....(........##.#####'##
.............# #....
......S@.....# +....
####.........+ #....
#......†).# #....
#.........# #....
#.........#######....
#......^.............
#....................
#####............####
#............#


You could see a water moccasin.

Vanquished Creatures
  A centaur (D:6)
  A water moccasin skeleton (D:5)
  A hound (D:4)
  A worker ant (D:3)
  4 adders
  A shadow imp (D:5)
  2 worms (D:3)
  3 dart slugs
  2 leopard geckos
  6 orcs
  2 ball pythons
  6 bats
  A giant cockroach (D:1)
  4 goblins
  2 hobgoblins
  6 jackals
  3 kobolds
  3 frilled lizards
  4 rats
53 creatures vanquished.

Notes
Turn   | Place    | Note
-------+----------+-------------------------------------------
     0 | D:1      | Reached skill level 10 in Fighting
     0 | D:1      | tidbits the Gnoll Wanderer began the quest for the Orb.
     0 | D:1      | tidbits set off with: a +2 shortbow, 30 arrows, a +0 ring mail, a wand of random effects (15), a ration
     0 | D:1      | Reached XP level 1. HP: 28/28 MP: 3/3
    76 | D:1      | Reached XP level 2. HP: 36/36 MP: 5/5
   325 | D:3      | Reached XP level 3. HP: 40/42 MP: 6/6
   354 | D:3      | Reached skill level 1 in Invocations
   368 | D:3      | Found an ornate altar of the Wu Jian Council.
   415 | D:4      | Reached skill level 1 in Short Blades
   415 | D:4      | Reached skill level 1 in Long Blades
   415 | D:4      | Reached skill level 1 in Axes
   415 | D:4      | Reached skill level 1 in Maces & Flails
   415 | D:4      | Reached skill level 1 in Polearms
   415 | D:4      | Reached skill level 1 in Staves
   415 | D:4      | Reached skill level 1 in Slings
   415 | D:4      | Reached skill level 1 in Crossbows
   415 | D:4      | Reached skill level 1 in Throwing
   415 | D:4      | Reached skill level 1 in Dodging
   415 | D:4      | Reached skill level 1 in Stealth
   415 | D:4      | Reached skill level 1 in Shields
   415 | D:4      | Reached skill level 1 in Unarmed Combat
   415 | D:4      | Reached skill level 1 in Spellcasting
   418 | D:4      | Reached XP level 4. HP: 32/48 MP: 7/7
   639 | D:5      | Entered Level 5 of the Dungeon
   670 | D:5      | Reached skill level 1 in Conjurations
   670 | D:5      | Reached skill level 1 in Hexes
   670 | D:5      | Reached skill level 1 in Charms
   670 | D:5      | Reached skill level 1 in Summonings
   670 | D:5      | Reached skill level 1 in Necromancy
   670 | D:5      | Reached skill level 1 in Translocations
   670 | D:5      | Reached skill level 1 in Transmutations
   670 | D:5      | Reached skill level 1 in Fire Magic
   670 | D:5      | Reached skill level 1 in Ice Magic
   670 | D:5      | Reached skill level 1 in Air Magic
   670 | D:5      | Reached skill level 1 in Earth Magic
   670 | D:5      | Reached skill level 1 in Poison Magic
   670 | D:5      | Reached XP level 5. HP: 38/54 MP: 8/8
   826 | D:6      | Noticed a centaur
   835 | D:6      | Killed a centaur
   835 | D:6      | Reached skill level 3 in Bows
   835 | D:6      | Reached XP level 6. HP: 10/61 MP: 9/9
   835 | D:6      | Reached skill level 2 in Invocations
   845 | D:7      | Noticed an ice beast
  1022 | D:4      | Found Ceneu's Jewellery Boutique.
  1137 | D:3      | Noticed a water moccasin
  1156 | D:3      | HP: 5/61 [poisoned by a water moccasin]
  1156 | D:3      | Slain by a water moccasin

Skill      XL: |  1  2  3  4  5  6 |
---------------+-------------------+-----
Fighting       | | 10.5
Invocations    | 1 2 |  2.0
Short Blades   | 1 |  1.8
Long Blades    | 1 |  1.8
Axes           | 1 |  1.8
Maces & Flails | 1 |  1.8
Polearms       | 1 |  1.8
Staves         | 1 |  1.8
Slings         | 1 |  1.8
Crossbows      | 1 |  1.8
Throwing       | 1 |  1.8
Dodging        | 1 |  1.8
Stealth        | 1 |  1.8
Shields        | 1 |  1.8
Unarmed Combat | 1 |  1.8
Spellcasting   | 1 |  1.8
Conjurations   | 1 |  1.4
Hexes          | 1 |  1.4
Charms         | 1 |  1.4
Summonings     | 1 |  1.4
Necromancy     | 1 |  1.4
Translocations | 1 |  1.4
Transmutations | 1 |  1.4
Fire Magic     | 1 |  1.4
Ice Magic      | 1 |  1.4
Air Magic      | 1 |  1.4
Earth Magic    | 1 |  1.4
Poison Magic   | 1 |  1.4
Bows           | 3 |  3.2
Armour         | |  4.9
Evocations     | |  4.9

Action                   |  1- 3 |  4- 6 || total
-------------------------+-------+-------++-------
Melee: Short sword       |     8 |     3 ||    11
       Bite              |     1 |     7 ||     8
       Broad axe         |       |    71 ||    71
       Punch             |       |     1 ||     1
 Fire: Shortbow          |    66 |     5 ||    71
  Use: Scroll            |       |     6 ||     6
       Potion            |       |     2 ||     2
  Eat: Chunk             |       |     1 ||     1
Armor: Ring mail         |    14 |    38 ||    52
Dodge: Dodged            |    16 |    71 ||    87

Table legend:
 A = Turns spent in this place as a percentage of turns spent in the entire game.
 B = Non-inter-level travel turns spent in this place as a percentage of non-inter-level travel turns spent in the entire game.
 C = Inter-level travel turns spent in this place as a percentage of turns spent in this place.
 D = Turns resting spent in this place as a percentage of non-inter-level travel turns spent in this place.
 E = Turns spent auto-exploring this place as a percentage of non-inter-level travel turns spent in this place.
 F = Non-inter-level travel turns spent in this place divided by the number of levels of this place that you've seen.
                   A       B       C       D       E      F
               +-------+-------+-------+-------+-------+----------------------
         Total | 100.0 | 100.0 |   0.0 |   0.0 |   0.0 | 165.1
       Dungeon | 100.0 | 100.0 |   0.0 |   0.0 |   0.0 | 165.1
               +-------+-------+-------+-------+-------+----------------------

Table legend:
 A = Kills in this place as a percentage of kills in entire the game.
 B = Kills by you in this place as a percentage of kills by you in the entire game.
 C = Kills by friends in this place as a percentage of kills by friends in the entire game.
 D = Other kills in this place as a percentage of other kills in the entire game.
 E = Experience gained in this place as a percentage of experience gained in the entire game.
 F = Experience gained in this place divided by the number of levels of this place that you have seen.
                   A       B       C       D       E      F
               +-------+-------+-------+-------+-------+----------------------
         Total | 100.0 | 100.0 |   N/A |   N/A | 100.0 |  58.9
       Dungeon | 100.0 | 100.0 |   N/A |   N/A | 100.0 |  58.9
               +-------+-------+-------+-------+-------+----------------------

Vault maps used:
D:1:      dpeg_arrival_leaves_temple_mockup, minmay_tetromino_s4
D:2:      minitemple, first_ration, corner_web_ring
D:3:      nicolae_overflow_hidden_temple
D:4:      kennysheep_little_box, serial_shops, shop
D:5:      minmay_temple_entry_statues_fountains, minmay_misc_feat_more_columns
D:6:      cheibrodos_two_vegetables, basic_altar
D:7:      serial_shops, shop, grunt_livestock, tso_altar
